 Dungeon Crawl Stone Soup version 0.24-a0-282-g1a68c911f0 (webtiles) character file.

Game seed: 4070441443755389833

37116 GordonOverkill the Thaumaturge (level 13, -1/106 HPs)
             Began as a Mummy Fire Elementalist on May 2, 2019.
             Was an Initiate of Gozag.
             Slain by a blink frog (13 damage)
             ... on level 6 of the Lair of Beasts.
             The game lasted 01:11:59 (28569 turns).

GordonOverkill the Thaumaturge (MuFE)              Turns: 28569, Time: 01:11:59

Health: -1/106     AC:  7    Str: 12    XL:     13   Next: 56%
Magic:  2/30       EV: 20    Int: 21    God:    Gozag
Gold:   3367       SH:  5    Dex: 18    Spells: 24/39 levels left

rFire    . . .     SeeInvis +   o - +8 mithril axe "Arga" {speed, MR+}
rCold    . . .     Gourm    .   (no shield)
rNeg     + + +     Faith    .   w - +0 robe {Archmagi}
rPois    ∞         Spirit   .   A - +0 helmet
rElec    .         Reflect  +   u - +2 cloak
rCorr    .         Harm     .   v - +1 pair of gloves
MR       ++...                  l - +2 pair of boots of Zall {SInv}
Stlth    +.........             x - +5 amulet of reflection
HPRegen  0.27/turn              r - ring of Checkmate {Fire *Corrode Int+2 Dex+6 Stlth-}
MPRegen  0.22/turn              f - +4 ring of evasion

@: corroded, gold aura
A: no food or potions, fire vulnerability, cold resistance 1, negative energy
resistance 3, torment resistance, unbreathing, in touch with death 1
a: Potion Petition, Call Merchant, Bribe Branch, Renounce Religion


You were on level 6 of the Lair of Beasts.
You worshipped Gozag.
Gozag was most pleased with you.
You were not hungry.

You visited 3 branches of the dungeon, and saw 18 of its levels.
You also visited: Ossuary.

You collected 4088 gold pieces.
You spent 535 gold pieces at shops.
You paid 186 gold pieces to Gozag.

Inventory:

Hand Weapons
 a - a +0 hunting sling
 b - a +3 whip of electrocution
 o - the +8 mithril axe "Arga" (weapon) {speed, MR+}
   (You found it on level 4 of the Lair of Beasts)

   Attacks with this weapon are significantly faster.
   It affects your resistance to hostile enchantments.
Missiles
 e - 149 sling bullets
 g - 646 stones (quivered)
 n - 18 tomahawks
Armour
 l - the +2 pair of boots of Zall (worn) {SInv}
   (You found it on level 5 of the Dungeon)

   It lets you see invisible.
 u - a +2 cloak (worn)
 v - a +1 pair of gloves (worn)
 w - a +0 robe of the Archmagi (worn)
 A - a +0 helmet (worn)
Jewellery
 f - a +4 ring of evasion (right hand)
 p - a +2 ring of strength
 q - an uncursed ring of flight
 r - the ring of Checkmate (left hand) {Fire *Corrode Int+2 Dex+6 Stlth-}
   (You found it on level 5 of the Dungeon)

   [ring of fire]

   It enhances your fire magic.
   It affects your intelligence (+2).
   It affects your dexterity (+6).
   It protects you from fire.
   It makes you vulnerable to cold.
   It may corrode you when you take damage.
   It makes you less stealthy.
 x - a +5 amulet of reflection (around neck)
 G - the ring of Asesiy {rPois rC+ Int+2 Stlth+}
   (You found it on level 1 of the Lair of Beasts)

   [ring of protection from cold]

   It affects your intelligence (+2).
   It protects you from cold.
   It protects you from poison.
   It makes you more stealthy.
 J - an uncursed ring of fire
Wands
 c - a wand of clouds (3)
 h - a wand of enslavement (10)
 s - a wand of random effects (35)
 L - a wand of acid (17)
Scrolls
 d - 7 scrolls of remove curse
 i - 4 scrolls of magic mapping
 j - 12 scrolls of teleportation
 k - 2 scrolls of immolation
 m - 5 scrolls of amnesia
 t - 3 scrolls of enchant weapon
 y - a scroll of vulnerability
 z - a scroll of acquirement {unknown}
 B - 3 scrolls of silence
 C - 2 scrolls of fear
 D - 3 scrolls of blinking
 F - a scroll of identify
Miscellaneous
 E - a sack of spiders
 H - a phial of floods


   Skills:
 - Level 11.0 Fighting
 + Level 6.3 Axes
 - Level 6.0 Dodging
 - Level 2.0 Stealth
 - Level 13.5 Spellcasting
 - Level 7.0 Conjurations
 - Level 10.0 Fire Magic
 - Level 2.0 Evocations


You had 24 spell levels left.
You knew the following spells:

 Your Spells              Type           Power        Failure   Level  Hunger
a - Flame Tongue          Conj/Fire      #####        1%          1    N/A
b - Throw Flame           Conj/Fire      ######       1%          2    N/A
c - Conjure Flame         Conj/Fire      #######.     1%          3    N/A
d - Sticky Flame          Conj/Fire      #######.     1%          4    N/A
e - Fireball              Conj/Fire      #######...   3%          5    N/A

Your spell library contained the following spells:

 Spells                   Type           Power        Failure   Level  Hunger
 Magic Dart               Conj           ####         1%          1    N/A
 Sting                    Conj/Pois      ####         1%          1    N/A
 Searing Ray              Conj           ######       1%          2    N/A
 Inner Flame              Hex/Fire       ######..     1%          3    N/A
 Iskenderun's Mystic Bla  Conj           ######..     2%          4    N/A
 Dazzling Spray           Conj/Hex       #####.       3%          3    N/A
 Animate Skeleton         Necr           N/A          4%          1    N/A
 Corona                   Hex            ###....      4%          1    N/A
 Pain                     Necr           ####         4%          1    N/A
 Mephitic Cloud           Conj/Pois/Air  #####...     5%          3    N/A
 Ensorcelled Hibernation  Hex/Ice        ###...       7%          2    N/A
 Poisonous Vapours        Pois/Air       ###...       7%          2    N/A
 Slow                     Hex            ###.....     7%          2    N/A
 Force Lance              Conj/Tloc      #####...     11%         4    N/A
 Fulminant Prism          Conj/Hex       #####.....   11%         4    N/A
 Confuse                  Hex            ###.....     14%         3    N/A
 Portal Projectile        Hex/Tloc       ###...       14%         3    N/A
 Tukima's Dance           Hex            ###.....     14%         3    N/A
 Vampiric Draining        Necr           ####......   14%         3    N/A
 Irradiate                Conj/Tmut      #####.....   30%         5    N/A
 Venom Bolt               Conj/Pois      #####.....   30%         5    N/A
 Animate Dead             Necr           N/A          41%         4    N/A
 Cause Fear               Hex            ###.......   41%         4    N/A
 Leda's Liquefaction      Hex/Erth       ###.......   41%         4    N/A
 Olgreb's Toxic Radiance  Pois           ###.....     41%         4    N/A
 Regeneration             Chrm/Necr      Unusable     N/A         3    N/A
 Hydra Form               Tmut           Unusable     N/A         6    N/A
 Statue Form              Tmut/Erth      Unusable     N/A         6    N/A
 Dragon Form              Tmut           Unusable     N/A         7    N/A

Dungeon Overview and Level Annotations

Branches:
Dungeon (11/15)            Temple (1/1) D:5            Lair (6/6) D:10
  Swamp (0/4) Lair:3        Snake (0/4) Lair:2        Slime (0/5) Lair:5
    Orc: D:9-12

Altars:
Ashenzari
Cheibriados
Dithmenos
Elyvilon
Fedhas
Gozag
Hepliaklqana
Kikubaaqudgha
Makhleb
Nemelex Xobeh
Okawaru
Qazlal
Ru
Sif Muna
Trog
Uskayaw
Vehumet
Wu Jian
Xom
Yredelemnul
Zin
The Shining One
Jiyva

Shops:
D:7 =   D:9 *

Annotations:
D:9 4 runed translucent doors, yrara's ghost, novice DsFi
Lair:5 1 runed translucent door


Innate Abilities, Weirdness & Mutations

You do not eat or drink.
Your flesh is vulnerable to fire.
You are immune to poison.
Your flesh is cold resistant. (rC+)
You are immune to negative energy. (rN+++)
You are immune to unholy pain and torment.
You can survive without breathing.
You are in touch with the powers of death.


Message History

The water moccasin closely misses you.
You slash the water moccasin!
The water moccasin is heavily wounded.
The water moccasin becomes distracted by the nearby gold, dreaming of imaginary riches.
The water moccasin hisses angrily.
You slash the water moccasin!
You kill the water moccasin!
You slash the crocodile!
The crocodile is heavily wounded.
The blink frog is no longer distracted by gold.
The crocodile bites you!
* * * LOW HITPOINT WARNING * * *
You barely miss the crocodile.
The crocodile is heavily wounded.
The crocodile completely misses you.
You slash the crocodile!
You kill the crocodile!
The blink frog hits you!
You die...
Your body crumbles into a pile of gold.

$...........##...#
≈...............# ##.
≈≈.PP..<........##..k
≈≈≈..................
≈≈≈..................
≈≈≈.####.....PPPP#...
≈≈. #...§...P..... ..
##F#.........# .
#@###........
#####.k....##
#.<..$.#.. $
#......... ##........
....(.... .........
.......... ....##....


You could see a blink frog.

Vanquished Creatures
  6 hydras
  A catoblepas (Lair:3)
  A two-headed ogre (D:9)
  A queen ant (D:9)
  Sonja (Lair:4)
  An oklob plant (Lair:2)
  An ugly thing (D:9)
  5 elephants
  A manticore (D:11)
  3 black mambas (Lair:4)
  8 spiny frogs
  A torpor snail (Lair:5)
  Joseph (D:8)
  2 rime drakes
  7 komodo dragons
  A hornet (Lair:3)
  4 trolls
  15 blink frogs
  5 hippogriffs
  2 wyverns (Lair:4)
  12 yaks
  A basilisk (D:11)
  3 hogs (D:8)
  A human (D:8)
  5 vampire mosquitoes (Lair:3)
  14 soldier ants (D:9)
  3 nagas (Lair:2)
  10 water moccasins
  9 porcupines
  4 orc warriors
  5 sky beasts
  3 necrophages
  3 black bears
  3 phantoms
  8 ogres
  A centaur (D:10)
  4 wolves (Lair:2)
  12 crocodiles
  3 big kobolds
  An elf zombie (D:4)
  30 bullfrogs
  An elf skeleton (D:4)
  2 scorpions
  13 killer bees
  5 wights (D:10)
  An electric eel (Lair:3)
  5 howler monkeys
  A crimson imp (D:8)
  2 bullfrog zombies
  5 hounds
  A quasit (D:8)
  4 bullfrog skeletons
  3 jellies
  16 orc wizards
  4 centaur skeletons
  A human zombie (D:4)
  6 orc priests
  A human skeleton (D:4)
  4 iguanas
  33 worker ants
  3 hound skeletons
  A howler monkey zombie (D:11)
  8 mummies (Ossuary)
  A worker ant zombie (D:9)
  11 adders
  A river rat (Lair:4)
  2 shadow imps
  3 oozes
  4 worms
  4 adder skeletons
  2 dart slugs
  12 leopard geckos
  41 orcs
  6 giant cockroaches
  17 goblins
  9 hobgoblins
  14 jackals
  4 quokkas
  A ball python zombie (D:6)
  12 bats
  11 frilled lizards
  2 gnoll zombies (Ossuary)
  2 hobgoblin zombies (Ossuary)
  A jackal skeleton (D:3)
  16 kobolds
  2 kobold zombies (Ossuary)
  An orc skeleton (D:4)
  3 orc zombies
  A quokka zombie (D:2)
  10 rats
  A plant (Lair:2)
516 creatures vanquished.

Vanquished Creatures (others)
  A soldier ant (D:9)
  12 fungi
  A plant (Lair:4)
14 creatures vanquished.

Grand Total: 530 creatures vanquished

Notes
Turn   | Place    | Note
-------+----------+-------------------------------------------
     0 | D:1      | GordonOverkill the Mummy Fire Elementalist began the quest
                  | for the Orb.
     0 | D:1      | Reached XP level 1. HP: 13/13 MP: 4/4
   335 | D:1      | Reached skill level 1 in Conjurations
   367 | D:1      | Reached XP level 2. HP: 20/20 MP: 2/5
   527 | D:1      | Reached skill level 3 in Spellcasting
   852 | D:1      | Reached XP level 3. HP: 25/25 MP: 0/7
  1671 | D:2      | Reached skill level 1 in Fighting
  1693 | D:2      | Learned a level 2 spell: Throw Flame
  1697 | D:2      | Learned a level 3 spell: Conjure Flame
  1738 | D:2      | Noticed a phantom
  1800 | D:2      | Killed a phantom
  1800 | D:2      | Reached XP level 4. HP: 24/33 MP: 0/9
  1944 | D:2      | Reached XP level 5. HP: 38/38 MP: 3/10
  2145 | D:2      | Found a white marble altar of Elyvilon.
  2467 | D:2      | Found a bloodstained altar of Trog.
  2875 | D:2      | Found an ornate altar of the Wu Jian Council.
  3050 | D:3      | Reached skill level 4 in Spellcasting
  3887 | D:3      | Learned a level 4 spell: Sticky Flame
  4513 | D:4      | Reached XP level 6. HP: 46/46 MP: 9/12
  4828 | D:4      | Found a sand-covered staircase.
  4835 | Ossuary  | Entered an ossuary
  5079 | Ossuary  | Reached XP level 7. HP: 54/54 MP: 13/13
  5897 | D:4      | Found a snail-covered altar of Cheibriados.
  5948 | D:4      | Reached skill level 5 in Spellcasting
  6046 | D:4      | Found a glowing golden altar of the Shining One.
  6065 | D:4      | Reached skill level 5 in Fighting
  6236 | D:4      | Reached skill level 5 in Fire Magic
  6510 | D:4      | Reached XP level 8. HP: 39/62 MP: 3/15
  6896 | D:5      | Entered Level 5 of the Dungeon
  6997 | D:5      | Got a scintillating marble ring
  6998 | D:5      | Identified the ring of Checkmate {Fire *Corrode Int+2 Dex+6
                  | Stlth-} (You found it on level 5 of the Dungeon)
  7056 | D:5      | Found a staircase to the Ecumenical Temple.
  7092 | Temple   | Entered the Ecumenical Temple
  7325 | Temple   | Became a worshipper of Gozag Ym Sagoz the Greedy
  7451 | D:5      | Learned a level 5 spell: Fireball
  7601 | D:5      | Reached skill level 6 in Spellcasting
  8242 | D:5      | Noticed a troll
  8436 | D:5      | Killed a troll
  8808 | D:5      | Got a pair of scorched boots
  8809 | D:5      | Identified the +2 pair of boots of Zall {SInv} (You found
                  | it on level 5 of the Dungeon)
  8908 | D:6      | Reached skill level 7 in Spellcasting
  9381 | D:6      | Reached XP level 9. HP: 72/72 MP: 14/20
  9450 | D:6      | Reached skill level 8 in Spellcasting
 10354 | D:7      | Found a sparkling altar of Nemelex Xobeh.
 10941 | D:7      | Reached skill level 5 in Conjurations
 11043 | D:7      | Found Zoihatt's Jewellery Shoppe.
 11052 | D:7      | Bought a +5 amulet of reflection for 535 gold pieces
 11614 | D:7      | Reached skill level 1 in Evocations
 11734 | D:7      | Reached XP level 10. HP: 75/80 MP: 12/22
 12018 | D:7      | Found a deep blue altar of Sif Muna.
 12027 | D:7      | Found an ancient bone altar of Kikubaaqudgha.
 13251 | D:8      | Reached skill level 9 in Spellcasting
 13825 | D:8      | Noticed Joseph
 13838 | D:8      | Killed Joseph
 14619 | D:9      | Found a blossoming altar of Fedhas.
 14633 | D:9      | Noticed a two-headed ogre
 14647 | D:9      | Killed a two-headed ogre
 14683 | D:9      | Found an iron altar of Okawaru.
 14704 | D:9      | Noticed a purple ugly thing
 14710 | D:9      | Killed a purple ugly thing
 14732 | D:9      | Found a flagged portal.
 14855 | D:9      | Found a runed translucent gate.
 14856 | D:9      | Found a runed translucent gate.
 14856 | D:9      | Found a runed translucent gate.
 14858 | D:9      | Found an opulent altar of Gozag.
 14859 | D:9      | Found Yfups's Assorted Antiques.
 14859 | D:9      | Noticed an eight-headed hydra
 14859 | D:9      | Noticed yrara's ghost (novice DsFi)
 14859 | D:9      | Noticed a two-headed ogre
 14884 | D:9      | Reached XP level 11. HP: 89/89 MP: 10/24
 15221 | D:9      | Noticed a queen ant
 15242 | D:9      | Killed a queen ant
 16453 | D:9      | Got a steaming flail
 16454 | D:9      | Identified the +5 flail of Myarhyag {flame, Dex+8} (You
                  | found it on level 9 of the Dungeon)
 16513 | D:9      | Found a white marble altar of Elyvilon.
 16660 | D:9      | Found a stormy altar of Qazlal.
 16786 | D:9      | Noticed a two-headed ogre
 16790 | D:9      | Found a runed translucent door.
 17050 | D:9      | Found a sacrificial altar of Ru.
 17243 | D:9      | Found a hide-covered altar of Uskayaw.
 17379 | D:10     | Entered Level 10 of the Dungeon
 18007 | D:10     | Reached skill level 10 in Spellcasting
 18938 | D:10     | Reached skill level 10 in Fighting
 19188 | D:10     | Found a staircase to the Lair.
 19647 | D:11     | Reached skill level 10 in Fire Magic
 19670 | D:11     | Reached skill level 11 in Spellcasting
 19850 | D:11     | Noticed a seven-headed hydra
 19896 | D:11     | Killed a seven-headed hydra
 19896 | D:11     | Reached XP level 12. HP: 60/97 MP: 14/27
 20751 | Lair:1   | Entered Level 1 of the Lair of Beasts
 21056 | Lair:1   | Got a heavily runed platinum ring
 22157 | Lair:2   | Found a staircase to the Snake Pit.
 22305 | Lair:2   | Found an opulent altar of Gozag.
 22749 | Lair:2   | Noticed a seven-headed hydra
 22761 | Lair:2   | Killed a seven-headed hydra
 23374 | Lair:3   | Noticed a catoblepas
 23783 | Lair:3   | Killed a catoblepas
 23836 | Lair:3   | Reached skill level 12 in Spellcasting
 24187 | Lair:3   | Found a staircase to the Swamp.
 24686 | Lair:4   | Noticed Sonja
 24688 | Lair:4   | Killed Sonja
 24739 | Lair:4   | Reached skill level 5 in Dodging
 25156 | Lair:4   | Noticed an eight-headed hydra
 25165 | Lair:4   | Killed an eight-headed hydra
 25718 | Lair:4   | Identified the ring of Asesiy {rPois rC+ Int+2 Stlth+} (You
                  | found it on level 1 of the Lair of Beasts)
 25813 | Lair:4   | Gained mutation: You are in touch with the powers of death.
                  | [Mummy growth]
 25813 | Lair:4   | Reached XP level 13. HP: 106/106 MP: 16/29
 25913 | Lair:4   | Reached skill level 13 in Spellcasting
 26637 | Lair:4   | Found the +8 mithril axe "Arga" {speed, MR+}
 26710 | Lair:5   | Reached skill level 1 in Axes
 27771 | Lair:5   | Found a runed translucent door.
 27771 | Lair:5   | Found a viscous altar of Jiyva.
 27771 | Lair:5   | Found a staircase to the Slime Pits.
 27771 | Lair:5   | Noticed an acid blob
 27882 | Lair:6   | Entered Level 6 of the Lair of Beasts
 28097 | Lair:5   | Reached skill level 5 in Axes
 28569 | Lair:6   | Slain by a blink frog

Levels and vault maps discovered:
D:1:      sevenhm_arrival_forest_fort_small_5, layout_basic, minmay_bisected
D:2:      layout_loops_ring, lightli_temple_of_fire, marbit_many_paths,
          elyvilon_altar_4, first_ration
D:3:      layout_loops_corners
D:4:      layout_basic, lemuel_round_altar, cheibriados_altar_1,
          nicolae_ossuary_entry_catacombs, guppyfry_early_orc_mine
D:5:      minmay_chambers_of_fours, layout_basic, minmay_temple_entry_glass,
          minivault_1
D:6:      layout_gridville
D:7:      layout_layer_cave, nemelex_xobeh_ov_fountains_minmay,
          amethyst_overflow_temple_binary, serial_shops, shop
D:8:      layout_layer_cave, grunt_livestock, uniq_joseph
D:9:      layout_loops_ring, hangedman_ru_absence, fedhas_ov_isle_minmay,
          okawaru_ov_weapons_minmay, grunt_qazlal_sundering,
          kennysheep_little_box, basic_altar, ebering_ghost_gozag,
          enter_bailey_2, minmay_st_funbox, minivault_26, zaba_anthell
D:10:     layout_loops_ring, grunt_lair_entry_orc_guard_hut
D:11:     layout_gridville, gauntlet_entry_generic, minmay_misc_feat_pillars,
          minmay_lizard_king
Temple:   jpeg_temple_island
Lair:1:   layout_long_grid, st_stairs_11
Lair:2:   layout_gridlike, minmay_snake_entry_guardpost_small, basic_altar,
          minmay_lair_oklob_chamber
Lair:3:   layout_regular_city, minmay_swamp_entry_swarm,
          grunt_forest_small_clearing_treed
Lair:4:   cheibrodos_lair_river_kwai, layout_regular_city, pond,
          grunt_megastairs_3, lemuel_fruit_tree, serial_bayou_shore_b,
          uniq_sonja
Lair:5:   layout_roguey, slime_altar_2
Lair:6:   guppyfry_lair_end_dragon, layout_misc_corridors, lemuel_oklob_altar,
          infiniplex_staircase_pool

Skill      XL: |  1  2  3  4  5  6  7  8  9 10 11 12 13 |
---------------+----------------------------------------+-----
Conjurations   | 1 2 5 6 7 |  7.0
Spellcasting   | 3 4 5 7 8 9 11 12 13 | 13.5
Dodging        | 2 6 |  6.0
Stealth        | 2 |  2.0
Fighting       | 1 2 4 5 7 8 9 10 11 | 11.0
Fire Magic     | 3 4 5 6 8 10 | 10.0
Evocations     | 1 2 |  2.0
Axes           | 6 |  6.3

Action                   |  1- 3 |  4- 6 |  7- 9 | 10-12 | 13-15 || total
-------------------------+-------+-------+-------+-------+-------++-------
Melee: Short sword       |    10 |       |       |       |       ||    10
       Dagger            |       |     3 |       |       |       ||     3
       Whip              |       |       |     2 |    20 |       ||    22
       Broad axe         |       |       |       |       |    97 ||    97
 Fire: Hunting sling     |       |   130 |   139 |   642 |       ||   911
Throw: Stone             |    54 |     2 |     1 |       |       ||    57
       Tomahawk          |     5 |       |       |       |       ||     5
 Cast: Flame Tongue      |    52 |   119 |   189 |   280 |    37 ||   677
       Throw Flame       |       |    20 |    32 |    67 |    18 ||   137
       Conjure Flame     |       |     2 |     8 |    31 |     4 ||    45
       Sticky Flame      |       |       |    26 |   144 |    49 ||   219
       Fireball          |       |       |       |    12 |       ||    12
Evoke: Wand              |       |       |       |     2 |       ||     2
  Use: Scroll            |     4 |     3 |     5 |    14 |       ||    26
Armor: Robe              |     5 |     3 |    22 |    85 |    36 ||   151
Dodge: Dodged            |    15 |    31 |    55 |   203 |   165 ||   469
Block: Other             |       |     4 |    15 |    77 |    37 ||   133
       Reflection        |       |       |     1 |     3 |       ||     4

Table legend:
 A = Non-vault XP
 B = Vault XP
 C = Vault XP percentage of total XP
 D = Non-vault monster count
 E = Vault monster count
 F = Vault count percentage of total count
                 A         B        C        D         E       F
            +---------+---------+-------+---------+---------+-------
      Total |   38708 |   14315 |  27.0 |     386 |     130 |  25.2
            +---------+---------+-------+---------+---------+-------
        D:1 |      46 |      15 |  24.6 |      24 |       5 |  17.2
        D:2 |     177 |       2 |   1.1 |      28 |       1 |   3.4
        D:3 |     139 |       0 |   0.0 |      36 |       0 |   0.0
        D:4 |     510 |     477 |  48.3 |      22 |      13 |  37.1
        D:5 |     458 |     322 |  41.3 |      14 |       2 |  12.5
        D:6 |    1831 |       0 |   0.0 |      31 |       0 |   0.0
        D:7 |    1418 |       0 |   0.0 |      22 |       0 |   0.0
        D:8 |    1395 |    1412 |  50.3 |      32 |       6 |  15.8
        D:9 |    2784 |    4129 |  59.7 |      23 |      45 |  66.2
       D:10 |    1992 |     915 |  31.5 |      42 |       6 |  12.5
       D:11 |    3945 |     464 |  10.5 |      22 |      12 |  35.3
     Lair:1 |     442 |      96 |  17.8 |       4 |       1 |  20.0
     Lair:2 |    3338 |    1025 |  23.5 |      18 |       4 |  18.2
     Lair:3 |    2501 |     859 |  25.6 |       8 |       5 |  38.5
     Lair:4 |    5764 |    4448 |  43.6 |      21 |      14 |  40.0
     Lair:5 |    8863 |       0 |   0.0 |      29 |       0 |   0.0
     Lair:6 |    3105 |       0 |   0.0 |      10 |       0 |   0.0
    Ossuary |       0 |     151 | 100.0 |       0 |      16 | 100.0
            +---------+---------+-------+---------+---------+-------
